 Dungeon Crawl Stone Soup version 0.28-a0-422-gd71735cc25 (webtiles) character file.

Game seed: 5682020715708903299

254 robertstho the Magician (level 6, -3/45 HPs)
             Began as a Djinni Fire Elementalist on Sept 8, 2021.
             Slain by Duvessa (5 damage)
             ... on level 4 of the Dungeon.
             The game lasted 00:04:36 (3832 turns).

robertstho the Magician (Djinni Fire Elementalist)  Turns: 3832, Time: 00:04:37

Health: -3/45      AC:  4    Str:  7    XL:     6   Next: 37%
Gold:   49         EV: 12    Int: 18    God:
                   SH:  0    Dex: 14

rFire   + + .      SeeInvis .   f - +0 hand axe (venom)
rCold   x . .      Faith    .   (no shield)
rNeg    . . .      Spirit   .   a - +0 robe
rPois   ∞          Reflect  .   d - +1 helmet
rElec   .          Harm     .   (no cloak)
rCorr   .          Rampage  .   (no gloves)
Will    .....                   (boots unavailable)
Stlth   ++........              (no amulet)
HPRegen 0.15/turn               (no ring)
MPRegen 0.00/turn               (no ring)

@: flying
A: sickness immunity, fire resistance 2, cold vulnerability 1, float, innate
caster, hp casting, extra vitality 1
a: no special abilities


You were on level 4 of the Dungeon.
You visited 1 branch of the dungeon, and saw 4 of its levels.

You collected 105 gold pieces.
You spent 56 gold pieces at shops.

Inventory:

Hand Weapons
 f - a +0 hand axe of venom (weapon)
Missiles
 b - 29 stones
Armour
 a - a +0 robe (worn)
 d - a +1 helmet (worn)
Jewellery
 k - an amulet of faith
Wands
 j - a wand of paralysis (6)
Scrolls
 c - a scroll of magic mapping
 g - a scroll of teleportation {unknown}
 i - a scroll of enchant weapon {unknown}
 m - 2 scrolls of fog


   Skills:
 * Level 2.4 Fighting
 + Level 2.2 Dodging
 + Level 2.1 Stealth
 * Level 4.5 Spellcasting


You couldn't memorise any spells.
You knew the following spells:

 Your Spells              Type           Power      Damage    Failure   Level
a - Foxfire               Conj/Fire      80%        2x1d8     2%          1
b - Scorch                Fire           40%        2d7       3%          2
c - Conjure Flame         Conj/Fire      20%        6-21      7%          3
d - Inner Flame           Hex/Fire       20%        N/A       7%          3
e - Flame Wave            Conj/Fire      20%        3d6       22%         4
f - Sandblast             Erth           40%        2d10      2%          1
g - Call Imp              Summ           20%        N/A       3%          2
Your spell library was empty.

Dungeon Overview and Level Annotations

Branches:
Dungeon (4/15)
 Temple: D:4-7

Altars:

Shops:
D:3 !

Annotations:
D:4 Dowan, Duvessa


Innate Abilities, Weirdness & Mutations

You are immune to sickness and miasma.
You are immune to poison.
Your flesh is very heat resistant. (rF++)
You are vulnerable to cold. (rC-)
You float through the air rather than walking.
You learn spells naturally, not from books.
Your magical power is your life essence.
You have superior vitality. (+4 HP)


Message History

You conjure some foxfire!
Something hits you!
The foxfire hits something. x2
Dowan gestures wildly while chanting.
Dowan blinks!
Something hits you.
Casting: Foxfire (safe; 2% risk of failure)
Press: ? - help, Q - select action, (/) - cycle Dir - look around, f - activate You conjure some foxfire!
You hear a zap.
Something tries to affect you, but you resist.
The foxfire hits something but does no damage.
The foxfire hits something.
Something hits you.
Casting: Foxfire (safe; 2% risk of failure)
Confirm with . or Enter, or press ? or * to list all spells.
Flames lash the orc.
You kill the orc!
Something hits you.
* * * LOW HITPOINT WARNING * * *
You aren't carrying any potions.
Aiming: Paralyse
Press: ? - help, Shift-Dir - straight line, f - orc
Aim: an orc, wielding a +0 hand axe (chance to affect: 63%) Nothing appears to happen.
Something hits you!
* * * LOW HITPOINT WARNING * * *
Unknown command.
Aiming: Paralyse
Press: ? - help, Shift-Dir - straight line, f/p - orc
Aim: an orc, wielding a +0 hand axe (chance to affect: 63%) Nothing appears to happen.
Something hits you.
* * * LOW HITPOINT WARNING * * *
Unknown command.
Dowan says, "My weaknesses are her strengths!"
As you read the scroll labelled YFFUPTIOPP, it crumbles to dust.
It is a scroll of enchant armour.
Your +0 helmet glows green for a moment.
Something barely misses you.
As you read the scroll labelled KYOCONWAOCW, it crumbles to dust.
It is a scroll of amnesia.
You feel forgetful for a moment. Something hits you.
You die...

*>,,*****************
**,,,,,,,,,,,,,,,,,,,
******
***,,***************
*,,,,* **,*### * *,,,,*
*,,..# * *,,,,* ***#.#
* *,,,.######## #.# *
*,,,.)...)..#######.##
*
*,,,,*****#e.o.@..#..##
* *,,,,,*
**#######..#..## *
**,,,,,***,,,,*
##.##..#
,,,,,,,,**,*,**
#.###.## ,,,,,,,,,,,,,*
#......##
*,***+***,,,,*
####..>.##
,,,**,**,,,***
##.#.)######
,,,,***,,,,*
#..........
,,,,,*,,,*,****
####)......


You could see Dowan and an orc.

Vanquished Creatures
  A bullfrog (D:4)
  A centaur zombie (D:4)
  A hound (D:3)
  Terence (D:3)
  3 gnolls (D:3)
  2 adders (D:2)
  2 worms (D:2)
  A dart slug (D:3)
  2 orcs (D:4)
  3 ball pythons (D:1)
  2 bats
  3 endoplasms
  5 goblins
  7 hobgoblins
  3 jackals (D:2)
  6 kobolds
  3 quokkas
  3 frilled lizards
  3 rats
52 creatures vanquished.

Vanquished Creatures (collateral kills)
  A foxfire (D:1)
1 creature vanquished.

Vanquished Creatures (others)
  258 foxfires
258 creatures vanquished.

Grand Total: 311 creatures vanquished

Notes
Turn   | Place    | Note
-------+----------+-------------------------------------------
     0 | D:1      | robertstho the Djinni Fire Elementalist began the quest for
                  | the Orb.
     0 | D:1      | Reached XP level 1. HP: 15/15 MP: 0/0
   304 | D:1      | Reached XP level 2. HP: 18/21 MP: 0/0
   833 | D:1      | Found a faded altar of an unknown god.
   869 | D:1      | Reached skill level 3 in Spellcasting
  1230 | D:1      | Reached XP level 3. HP: 20/25 MP: 0/0
  1230 | D:1      | Learned a level 1 spell: Sandblast
  2422 | D:2      | Reached skill level 1 in Fighting
  2422 | D:2      | Reached XP level 4. HP: 26/32 MP: 0/0
  2781 | D:3      | Found Vaziydel's Distillery.
  2789 | D:3      | Bought a potion of lignification for 42 gold pieces
  2789 | D:3      | Bought a potion of degeneration for 14 gold pieces
  2824 | D:3      | Reached XP level 5. HP: 25/37 MP: 0/0
  2824 | D:3      | Learned a level 2 spell: Call Imp
  3106 | D:3      | Noticed Terence
  3114 | D:3      | Killed Terence
  3115 | D:3      | Reached skill level 4 in Spellcasting
  3621 | D:4      | Noticed a bullfrog
  3629 | D:4      | Killed a bullfrog
  3630 | D:4      | Reached XP level 6. HP: 27/45 MP: 0/0
  3806 | D:4      | Noticed Dowan
  3810 | D:4      | Noticed Duvessa
  3826 | D:4      | HP: 1/45 [something (5)]
  3832 | D:4      | Slain by Duvessa

Illustrated notes

Levels and vault maps discovered:
D:1:      tarquinn_simple_flora_water_d, layout_rooms,
          ebering_ecumenical_altar_box, minmay_ruptured
D:2:      layout_loops_ring
D:3:      layout_rooms, serial_shops, nicolae_lakefront_shop, uniq_terence
D:4:      layout_rooms, nicolae_ossuary_entry_giza, corexii_checkpoint_a,
          uniq_duvessa

Skill      XL: |  1  2  3  4  5 |
---------------+----------------+-----
Spellcasting   | 3 4 |  4.5
Fighting       | 1 2 |  2.4
Stealth        | 2 |  2.1
Dodging        | |  2.2

Action                   |  1- 3 |  4- 6 || total
-------------------------+-------+-------++-------
Melee: Hand axe          |       |     1 ||     1
 Cast: Foxfire           |   101 |    71 ||   172
       Scorch            |       |     8 ||     8
Evoke: Wand              |       |     2 ||     2
  Use: Scroll            |       |     6 ||     6
Armor: Robe              |     2 |     1 ||     3
Dodge: Dodged            |     8 |     6 ||    14

Table legend: (Time is in decaauts)
 A = Elapsed time spent in this place.
 B = Non-inter-level travel time spent in this place.
 C = Inter-level travel time spent in this place.
 D = Time resting spent in this place.
 E = Time spent auto-exploring this place.
 F = Levels seen in this place.
 G = Mean time per level.
                   A        B        C        D        E       F      G
               +--------+--------+--------+--------+--------+-----+--------+
         Total |   3831 |   3722 |    109 |      0 |   3301 |   4 |  957.8 |
       Dungeon |   3831 |   3722 |    109 |      0 |   3301 |   4 |  957.8 |
               +--------+--------+--------+--------+--------+-----+--------+

Top non-repeatable levels by time:
     D:2: 1387 daAuts
     D:1: 1366 daAuts
     D:3: 740 daAuts
     D:4: 337 daAuts
